 Dungeon Crawl Stone Soup version 0.23-a0-171-g5ae17c6e89 (webtiles) character file.

13172 PikkenKukken the Grappler (level 11, -10/109 HPs)
             Began as a Troll Berserker on Sept 13, 2018.
             Was a High Priest of Trog.
             Mangled by a blink frog (11 damage)
             ... on level 1 of the Lair of Beasts.
             The game lasted 00:16:27 (7966 turns).

PikkenKukken the Grappler (Troll Berserker)         Turns: 7966, Time: 00:16:28

Health: -10/109    AC:  7    Str: 27    XL:     11   Next: 72%
Magic:  10/10      EV: 14    Int:  4    God:    Trog [*****.]
Gold:   631        SH:  0    Dex: 15    Spells: 10/10 levels left

rFire    + . .     SeeInvis .     - Unarmed
rCold    + + .     Gourm    +   (no shield)
rNeg     . . .     Faith    .   B - +0 troll leather armour
rPois    .         Spirit   .   (helmet restricted)
rElec    .         Reflect  .   v - scarf {rC+ rF+}
rCorr    .         Harm     .   (gloves unavailable)
MR       .....                  (boots unavailable)
Stlth    +.........             y - amulet of regeneration
HPRegen  1.48/turn              h - ring of protection from cold
MPRegen  0.12/turn              D - +4 ring of dexterity

@: about to teleport, berserk cooldown, slowed, very slow
A: large, unfitting armour, claws 3, fast metabolism 3, gourmand, regeneration
1, shaggy fur 1, tough skin 2
a: Berserk, Trog's Hand, Brothers in Arms, Renounce Religion


You were on level 1 of the Lair of Beasts.
You worshipped Trog.
Trog was extremely pleased with you.
You were very full.

You visited 2 branches of the dungeon, and saw 11 of its levels.

You collected 631 gold pieces.

Inventory:

Missiles
 p - 13 large rocks (quivered)
 q - 8 tomahawks
 E - 8 tomahawks of dispersal
 G - 3 javelins of penetration
Armour
 a - a +1 animal skin
 i - a +0 cloak
 v - a scarf of resistance (worn)
 B - a +0 troll leather armour (worn)
Jewellery
 h - a ring of protection from cold (left claw)
 y - an amulet of regeneration (around neck)
 A - an uncursed amulet of guardian spirit {unknown}
 D - a +4 ring of dexterity (right claw)
 I - an uncursed ring of magical power
Wands
 d - a wand of digging (29)
 k - a wand of paralysis (19)
 o - a wand of random effects (35)
 s - a wand of disintegration (17)
 z - a wand of enslavement (11)
Scrolls
 c - 6 scrolls of identify
 l - 3 scrolls of teleportation
 n - a scroll of enchant armour
 r - 5 scrolls of remove curse
 w - 2 scrolls of fog
 x - a scroll of enchant weapon
 C - a scroll of blinking {unknown}
Potions
 e - a potion of invisibility
 f - 3 potions of haste
 g - 2 potions of heal wounds
 j - 3 potions of flight
 m - a potion of berserk rage
 t - 4 potions of curing
 u - 3 potions of magic
 F - a potion of cancellation {unknown}
 J - a potion of brilliance {unknown}
Comestibles
 b - 22 rations
 H - 14 chunks of flesh


   Skills:
 + Level 7.5 Fighting
 + Level 7.6 Throwing
 + Level 7.6 Dodging
 * Level 12.3 Unarmed Combat


You had 10 spell levels left.
You didn't know any spells.
Your spell library was empty.

Dungeon Overview and Level Annotations

Branches:
Dungeon (10/15)            Temple (0/1) D:5            Lair (1/6) D:9
    Orc: D:9-12

Altars:
Ru
Xom

Shops:
D:8 [   D:10 %


Innate Abilities, Weirdness & Mutations

You are too large for most types of armour.
You have claws for hands.
Your metabolism is lightning-fast.
You like to eat raw meat.
Your natural rate of healing is unusually fast.
You are covered in fur. (AC +1)
You have very tough skin. (AC +2)


Message History

You feel yourself slow down. The blink frog closely misses you.
You see here a chunk of flesh.
You miss the blink frog. The blink frog barely misses you.
The blink frog blinks!
The blink frog hits you!
* * * LOW HITPOINT WARNING * * *
The blink frog blinks!
The blink frog barely misses you.
As you read the scroll of teleportation, it crumbles to dust.
You feel strangely unstable. The blink frog closely misses you.
The blink frog barely misses you. The blink frog closely misses you.
You scratch the blink frog.
The blink frog is lightly wounded.
The blink frog closely misses you. The blink frog misses you.
The blink frog closely misses you. x2
You claw the blink frog!
The blink frog is heavily wounded.
The blink frog blinks!
The blink frog hits you!
* * * LOW HITPOINT WARNING * * *
The blink frog hits you!
You die...

##...F #####.### #P....
#.......# #....##......##
#............#
#....#.......#
#....##.÷....#
###.....#.##...#
##F#.....#F##...##..
........F@...........
........§............
......................
......................
......................
.####+####..####..###.....
#........#...####.####...
#...........##.......#..
#..[.........#.....(#


You could see 3 blink frogs.

Vanquished Creatures
  A hydra (Lair:1)
  2 two-headed ogres
  2 unseen horrors
  An ugly thing (D:7)
  A komodo dragon (Lair:1)
  3 trolls
  2 blink frogs (Lair:1)
  2 hippogriffs
  9 yaks
  A wyvern (Lair:1)
  4 water elementals (D:10)
  3 hogs (D:8)
  A human (D:8)
  A hungry ghost (D:10)
  5 water moccasins
  A sky beast (D:8)
  2 black bears
  An orc warrior (D:10)
  3 ice beasts
  2 phantoms
  6 ogres
  3 wolves (Lair:1)
  6 centaurs
  A big kobold (D:7)
  5 bullfrogs
  3 scorpions
  15 wights
  4 killer bees (D:10)
  3 howler monkeys (D:7)
  An electric eel (D:7)
  5 crimson imps
  A quasit (D:7)
  A centaur zombie (D:8)
  3 bullfrog skeletons
  5 jellies
  A centaur skeleton (D:7)
  4 orc wizards
  4 orc priests
  5 hounds
  Natasha (D:3)
  3 iguanas
  5 worker ants
  A worker ant zombie (D:6)
  8 adders
  4 gnolls (D:3)
  A howler monkey skeleton (D:5)
  2 shadow imps
  7 oozes (D:2)
  An adder skeleton (D:7)
  5 worms
  2 dart slugs (D:1)
  3 leopard geckos
  18 orcs
  4 ball pythons
  7 giant cockroaches
  7 goblins
  8 hobgoblins
  11 jackals
  24 kobolds
  6 quokkas
  11 bats
  4 frilled lizards
  A giant cockroach zombie (D:5)
  A jackal zombie (D:5)
  9 rats
277 creatures vanquished.

Vanquished Creatures (others)
  An orc wizard (D:4)
  5 toadstools (D:2)
6 creatures vanquished.

Grand Total: 283 creatures vanquished

Notes
Turn   | Place    | Note
-------+----------+-------------------------------------------
     0 | D:1      | PikkenKukken the Troll Berserker began the quest for the
                  | Orb.
     0 | D:1      | Reached XP level 1. HP: 22/22 MP: 0/0
   111 | D:1      | Reached XP level 2. HP: 28/29 MP: 1/1
   340 | D:1      | Reached XP level 3. HP: 31/36 MP: 2/2
   385 | D:1      | Reached ** piety under Trog
   516 | D:2      | Reached skill level 4 in Unarmed Combat
   570 | D:2      | Found a sacrificial altar of Ru.
   776 | D:2      | Reached XP level 4. HP: 44/44 MP: 3/3
   829 | D:2      | Reached XP level 5. HP: 52/52 MP: 4/4
   836 | D:2      | Reached skill level 1 in Throwing
   840 | D:2      | Reached *** piety under Trog
   843 | D:2      | Reached skill level 5 in Unarmed Combat
  1310 | D:3      | Noticed Natasha
  1318 | D:3      | Killed Natasha
  1325 | D:3      | Reached **** piety under Trog
  1325 | D:3      | Reached XP level 6. HP: 54/61 MP: 5/5
  1850 | D:4      | Reached skill level 6 in Unarmed Combat
  1850 | D:4      | Reached XP level 7. HP: 18/67 MP: 6/6
  1943 | D:4      | Received a gift from Trog
  2321 | D:5      | Entered Level 5 of the Dungeon
  2460 | D:5      | Found a shimmering altar of Xom.
  2573 | D:5      | Reached XP level 8. HP: 76/78 MP: 7/7
  2635 | D:5      | Found a staircase to the Ecumenical Temple.
  2788 | D:6      | Reached skill level 7 in Unarmed Combat
  3227 | D:6      | Reached ***** piety under Trog
  3763 | D:7      | Reached skill level 8 in Unarmed Combat
  3786 | D:7      | Noticed a green ugly thing
  3793 | D:7      | Killed a green ugly thing
  3793 | D:7      | Reached skill level 5 in Fighting
  3793 | D:7      | Reached skill level 5 in Dodging
  3793 | D:7      | Reached XP level 9. HP: 88/88 MP: 8/8
  3954 | D:7      | Received a gift from Trog
  4321 | D:7      | Reached skill level 9 in Unarmed Combat
  5021 | D:8      | Reached skill level 5 in Throwing
  5153 | D:8      | Noticed a two-headed ogre
  5158 | D:8      | Killed a two-headed ogre
  5300 | D:8      | Reached XP level 10. HP: 47/98 MP: 9/9
  5380 | D:8      | Reached skill level 10 in Unarmed Combat
  5695 | D:8      | Found Gaitry Tank's Armour Shop.
  5767 | D:8      | Killed an unseen horror
  6267 | D:9      | Found a staircase to the Lair.
  6396 | D:9      | Reached skill level 11 in Unarmed Combat
  6682 | D:9      | Received a gift from Trog
  6767 | D:10     | Entered Level 10 of the Dungeon
  6794 | D:10     | Killed an unseen horror
  6794 | D:10     | Reached XP level 11. HP: 104/107 MP: 10/10
  7110 | D:10     | Found Noppit's Food Shop.
  7485 | D:10     | Noticed a two-headed ogre
  7498 | D:10     | Killed a two-headed ogre
  7739 | Lair:1   | Entered Level 1 of the Lair of Beasts
  7759 | Lair:1   | Reached skill level 12 in Unarmed Combat
  7936 | Lair:1   | Noticed a six-headed hydra
  7952 | Lair:1   | Killed a nine-headed hydra
  7966 | Lair:1   | HP: 1/109 [blink frog (17)]
  7966 | Lair:1   | Mangled by a blink frog

Vault maps used:
D:1:      dpeg_arrival_shelter
D:2:      cheibrodos_fertilizer, lemuel_tele_altar
D:3:      first_ration, uniq_natasha
D:4:      hex_large, minmay_cupped
D:5:      xom_teletrap_fun, temple_pool_b
D:7:      kennysheep_opposing_triangles
D:8:      serial_shops, shop, grunt_livestock
D:9:      lair_entry_dummy, serial_column_ruins, column_ruins_square_small,
          column_ruins_grid_1, column_ruins_grid_3, column_ruins_grid_1,
          column_ruins_open_medium, column_ruins_open_tiny,
          column_ruins_open_tiny, kennysheep_generic_room_7
D:10:     serial_shops, shop_fountains, solitary_fountain, serial_bayou_pond_e,
          statue_in_the_mist_lemuel, minmay_misc_feat_five, minmay_statues_item,
          nicolae_underground_beach
Lair:1:   infiniplex_staircase_pool, uniq_urug, uniq_fannar

Skill      XL: |  1  2  3  4  5  6  7  8  9 10 11 |
---------------+----------------------------------+-----
Unarmed Combat | 4 5 6 8 9 11 12 | 12.3
Dodging        | 3 4 5 6 7 |  7.6
Throwing       | 1 2 3 4 5 6 7 |  7.6
Fighting       | 3 4 5 6 7 |  7.5

Action                   |  1- 3 |  4- 6 |  7- 9 | 10-12 || total
-------------------------+-------+-------+-------+-------++-------
Melee: Unarmed           |   107 |   167 |   256 |   263 ||   793
       Punch             |       |     4 |    16 |    16 ||    36
Throw: Large rock        |       |       |     2 |       ||     2
Invok: Berserk           |       |     1 |     6 |     7 ||    14
       Trog's Hand       |       |       |     1 |     1 ||     2
  Use: Scroll            |     5 |     8 |     7 |     1 ||    21
 Stab: Sleeping          |       |       |       |     1 ||     1
  Eat: Chunk             |    13 |    10 |    38 |    37 ||    98
Armor: Animal skin       |    35 |    80 |    72 |    16 ||   203
       Troll leather arm |       |       |       |    47 ||    47
Dodge: Dodged            |    67 |    85 |   119 |   140 ||   411

Table legend:
 A = Non-vault XP
 B = Vault XP
 C = Vault XP percentage of total XP
 D = Non-vault monster count
 E = Vault monster count
 F = Vault count percentage of total count
                 A         B        C        D         E       F
            +---------+---------+-------+---------+---------+-------
      Total |   16430 |    2388 |  12.7 |     247 |      31 |  11.2
            +---------+---------+-------+---------+---------+-------
        D:1 |      46 |       0 |   0.0 |      25 |       0 |   0.0
        D:2 |      51 |     184 |  78.3 |      27 |      17 |  38.6
        D:3 |     130 |      35 |  21.2 |      29 |       1 |   3.3
        D:4 |     644 |       0 |   0.0 |      27 |       0 |   0.0
        D:5 |     398 |       0 |   0.0 |      13 |       0 |   0.0
        D:6 |     743 |       0 |   0.0 |      17 |       0 |   0.0
        D:7 |    1442 |     234 |  14.0 |      23 |       3 |  11.5
        D:8 |    2762 |     971 |  26.0 |      22 |       5 |  18.5
        D:9 |    2709 |     118 |   4.2 |      20 |       1 |   4.8
       D:10 |    3692 |     846 |  18.6 |      29 |       4 |  12.1
     Lair:1 |    3813 |       0 |   0.0 |      15 |       0 |   0.0
            +---------+---------+-------+---------+---------+-------
